 Dungeon Crawl Stone Soup version 0.27.1-2-g3b301248ec (webtiles) character file.

Game seed: 2090695989012553618

22 MajorAdolf the Sneak (level 2, 0/26 HPs)
             Began as a Naga Wanderer on Sept 27, 2021.
             Fell down a flight of stairs (1 damage)
             ... on level 2 of the Dungeon.
             The game lasted 00:02:15 (1787 turns).

MajorAdolf the Sneak (Naga Wanderer)                Turns: 1787, Time: 00:02:15

Health: 0/26       AC:  1    Str: 12    XL:     2   Next: 91%
Magic:  3/3        EV:  9    Int: 15    God:
Gold:   48         SH:  0    Dex:  9    Spells: 2/3 levels left

rFire    . . .     SeeInvis +   a - +2 dagger
rCold    . . .     Faith    .   (no shield)
rNeg     . . .     Spirit   .   d - +0 robe
rPois    +         Reflect  .   (no helmet)
rElec    .         Harm     .   (no cloak)
rCorr    .         Rampage  .   (no gloves)
Will     .....                  (no barding)
Stlth    +.........             (no amulet)
HPRegen  0.08/turn              (no ring)
MPRegen  0.08/turn              (no ring)

@: confused, very slow
A: AC +0, large, see invisible, deformed body, poison resistance, slowness 2,
spit poison 1, naga tail 1
a: Spit Poison


You were on level 2 of the Dungeon.
You visited 1 branch of the dungeon, and saw 2 of its levels.

You collected 48 gold pieces.

Inventory:

Hand Weapons
 a - a +2 dagger (weapon)
Armour
 d - a +0 robe (worn)
 f - a +0 buckler
Scrolls
 b - 3 scrolls of fear
 e - a scroll of identify {unknown}
 h - a scroll of magic mapping {unknown}
Potions
 c - a potion of lignification
 g - a potion of invisibility {unknown}


   Skills:
 - Level 2.3 Fighting
 - Level 1.0 Short Blades
 - Level 2.0 Staves
 - Level 1.0 Dodging
 - Level 3.6 Stealth
 + Level 1.1 Spellcasting
 + Level 1.2 Conjurations
 + Level 0.4 Air Magic
 - Level 1.3 Poison Magic


You had 2 spell levels left.
You knew the following spells:

 Your Spells              Type           Power      Damage    Failure   Level
a - Shock                 Conj/Air       12%        1d3       17%         1

Your spell library contained the following spells:

 Spells                   Type           Power      Damage    Failure   Level
 Corpse Rot               Necr/Air       N/A        N/A       32%         2
 Sublimation of Blood     Necr           0%         N/A       36%         2


Dungeon Overview and Level Annotations

Branches:
Dungeon (2/15)

Altars:

Annotations:
D:2 Natasha, Sigmund


Innate Abilities, Weirdness & Mutations

Your serpentine skin is tough. (AC +0)
You have supernaturally acute eyesight. (SInv)
Armour fits poorly on your strangely shaped body.
Your system is resistant to poisons. (rPois)
You cover ground very slowly.
You can spit poison.
You have a snake-like lower body.


Message History

Done exploring.
Done exploring.
There is an open door here.
There is a stone staircase leading down here.
You climb downwards.
The hobgoblin shouts!
The jackal barks!
The hobgoblin shouts!
Sigmund shouts!
You hear an angry hiss.
You hear a shout!
The jackal barks! x2
Found two stone staircases leading down.
There is a stone staircase leading up here.
Unknown command.
Sigmund zaps a wand.
The puff of flame hits you!
Unknown command.
The hobgoblin hits you. Sigmund gestures at you while chanting.
You are confused.
In your confused state, you trip and fall back down the stairs.
The jackal closely misses you. The hobgoblin barely misses you. x2
Unknown command.
Unknown command.
The hobgoblin barely misses you. The hobgoblin hits you.
Sigmund closely misses you.
In your confused state, you trip and fall back down the stairs.
The jackal bites you.
Natasha, Servant of Life and Death comes into view.
She is carrying a wand of flame (19).
The jackal bites you but does no damage.
The hobgoblin closely misses you. The hobgoblin hits you.
* * * LOW HITPOINT WARNING * * *
Natasha hisses angrily.
The ball python hisses angrily.
The jackal barely misses you.
Natasha casts a spell.
The jackal bites you.
* * * LOW HITPOINT WARNING * * *
Sigmund gestures wildly while chanting.
Sigmund flickers and vanishes for a moment.
The jackal closely misses you. The jackal barely misses you.
The hobgoblin hits you.
* * * LOW HITPOINT WARNING * * *
The hobgoblin closely misses you.
In your confused state, you trip and fall back down the stairs.
You die...

>....h.... .
.....5.... .#
.........###.#.
...S...........
...............
...............
......hh.......
......g@.......
.....@hg.>.....
...............
...............
#......########
#######


You could see Sigmund (invisible), Natasha, a crimson imp (summoned), 3 jackals,
2 hobgoblins and a ball python.

Vanquished Creatures
  2 bats (D:1)
  2 endoplasms (D:1)
  2 hobgoblins (D:1)
  3 jackals (D:1)
  2 quokkas (D:1)
  A ball python (D:1)
  2 frilled lizards (D:1)
  3 kobolds (D:1)
  4 rats (D:1)
21 creatures vanquished.

Notes
Turn   | Place    | Note
-------+----------+-------------------------------------------
     0 | D:1      | MajorAdolf the Naga Wanderer began the quest for the Orb.
     0 | D:1      | MajorAdolf set off with the following items: a +2 dagger, a
                  | scroll of fear, a potion of lignification, a +0 robe; and
                  | the following spells available to memorise: Corpse Rot,
                  | Sublimation of Blood
     0 | D:1      | Reached XP level 1. HP: 19/19 MP: 2/2
   216 | D:1      | Reached XP level 2. HP: 5/26 MP: 3/3
   838 | D:1      | Found a faded altar of an unknown god.
   846 | D:1      | Got Plato's Grimoire of Air
   870 | D:1      | Reached skill level 1 in Short Blades
   875 | D:1      | Learned a level 1 spell: Shock
  1780 | D:2      | Noticed Sigmund
  1785 | D:2      | Noticed Natasha
  1786 | D:2      | HP: 1/26 [hobgoblin (5)]
  1787 | D:2      | Noticed a crimson imp
  1787 | D:2      | Fell down a flight of stairs

Illustrated notes

Levels and vault maps discovered:
D:1:      minmay_arrival_solitary_statue, layout_loops_corners,
          shapermc_ecumenical_altar_rom_forum
D:2:      cheibrodos_old_hovel, layout_rooms, uniq_sigmund, uniq_natasha,
          uniq_terence

Skill      XL: |  1  2 |
---------------+-------+-----
Short Blades   | 1 |  1.0
Fighting       | |  2.3
Staves         | |  2.0
Dodging        | |  1.0
Stealth        | |  3.6
Spellcasting   | |  1.1
Conjurations   | |  1.2
Air Magic      | |  0.4
Poison Magic   | |  1.3

Action                   || total
-------------------------++-------
Melee: Dagger            ||    29
 Cast: Shock             ||     4
 Abil: Spit Poison       ||    21
Armor: Robe              ||     4
Dodge: Dodged            ||    25
